 Dungeon Crawl Stone Soup version 0.26.0-10-g1f06aea511 (webtiles) character file.

Game seed: 2305945121354903503

2795 Arthanis the Arsonist (level 9, -7/47 HPs)
             Began as a Deep Elf Fire Elementalist on Jan 14, 2021.
             Was a Follower of Vehumet.
             Killed from afar by Pikel (32 damage)
             ... with a bolt of acid
             ... on level 4 of the Dungeon.
             The game lasted 00:10:58 (8354 turns).

Arthanis the Arsonist (Deep Elf Fire Elementalist)  Turns: 8354, Time: 00:10:58

Health: -7/47      AC:  2    Str:  5    XL:     9   Next: 43%
Magic:  24/32      EV: 13    Int: 24    God:    Vehumet [*.....]
Gold:   556        SH:  0    Dex: 15    Spells: 11/25 levels left

rFire    + . .     SeeInvis .   y - staff of fire
rCold    . . .     Faith    .   (no shield)
rNeg     . . .     Spirit   .   a - +0 robe
rPois    .         Reflect  .   (no helmet)
rElec    .         Harm     .   (no cloak)
rCorr    .         Rampage  .   (no gloves)
Will     .....                  (no boots)
Stlth    ++........             (no amulet)
HPRegen  0.15/turn              d - ring of magical power
MPRegen  0.23/turn              (no ring)

@: no status effects
A: no striking features
a: Renounce Religion


You were on level 4 of the Dungeon.
You worshipped Vehumet.
Vehumet was aware of your devotion.
You visited 1 branch of the dungeon, and saw 7 of its levels.

You collected 556 gold pieces.

Inventory:

Hand Weapons
 i - a +0 dagger
 o - a +1 rapier of venom
 w - a cursed +0 spear
Armour
 a - a +0 robe (worn)
 g - the +3 buckler of Qerchazi {rPois}
   (You acquired it on level 7 of the Dungeon)

   It protects you from poison.
Magical Staves
 y - an uncursed staff of fire (weapon)
Jewellery
 d - a ring of magical power (left hand)
Wands
 s - a wand of polymorph (12)
 t - a wand of flame (14)
 v - a wand of random effects (11)
 x - a wand of disintegration (11)
Scrolls
 c - 2 scrolls of fear
 f - 7 scrolls of remove curse
 k - 5 scrolls of teleportation
 l - 2 scrolls of enchant weapon
 n - a scroll of fog
 A - a scroll of magic mapping {unknown}
Potions
 b - 2 potions of lignification
 e - a potion of berserk rage {unknown}
 h - 3 potions of curing
 j - 2 potions of flight {unknown}
 m - 2 potions of haste {unknown}
 p - 2 potions of brilliance {unknown}
 q - 2 potions of ambrosia {unknown}
 r - a potion of magic {unknown}
 u - 4 potions of heal wounds
 z - a potion of attraction {unknown}


   Skills:
 + Level 1.0 Fighting
 + Level 3.1 Dodging
 - Level 3.0 Stealth
 + Level 8.7 Spellcasting
 + Level 6.9 Conjurations
 * Level 10.3 Fire Magic
 + Level 1.3 Evocations


You had 11 spell levels left.
You knew the following spells:

 Your Spells              Type           Power        Failure   Level
a - Foxfire               Conj/Fire      100%         1%          1
b - Conjure Flame         Conj/Fire      67%          1%          3
c - Sticky Flame          Conj/Fire      67%          1%          4
d - Fireball              Conj/Fire      33%          4%          5
e - Shock                 Conj/Air       100%         1%          1

Your spell library contained the following spells:

 Spells                   Type           Power        Failure   Level
 Freeze                   Ice            40%          6%          1
 Inner Flame              Hex/Fire       52%          2%          3
 Static Discharge         Conj/Air       27%          4%          3
 Swiftness                Air            10%          9%          2
 Lightning Bolt           Conj/Air       13%          36%         5
 Airstrike                Air            5%           52%         4


Dungeon Overview and Level Annotations

Branches:
Dungeon (7/15)             Temple (0/1) D:7

Altars:
Dithmenos
Qazlal
Trog
Vehumet
Xom
Zin

Annotations:
D:4 Pikel
D:6 3 runed translucent doors, kuzco6543's ghost, novice MiMo


Message History

Unknown command.
Unknown command.
Casting: Fireball (quite dangerous; 4% risk of failure)
Confirm with . or Enter, or press ? or * to list all spells.
Aiming: Sticky Flame (dangerous; 1% risk of failure)
Press: ? - help, Shift-Dir - straight line, f/p - Pikel
Aim: Pikel, wielding a +0 whip of flaming, wearing a +0 robe of willpower and carrying a wand of acid (6) (heavily wounded, 0% to evade)
You feel a surge of power!
The sticky flame hits Pikel.
Pikel is severely wounded.
Pikel is covered in liquid flames!
Pikel burns!
Pikel hits you with a +0 whip of flaming!
Pikel burns you.
Casting: Sticky Flame (dangerous; 1% risk of failure)
Confirm with . or Enter, or press ? or * to list all spells.
The spell is quite dangerous to cast (4% risk of failure)!
Continue anyway?
Okay, then.
Pikel burns!
Pikel stops burning.
Pikel zaps a wand.
The bolt of acid hits you!!
Ouch! That really hurt!
You die...

####.........K..5..#
...........###..#†#
########.#### #.K#.## #
#.. ..# #...5.. #.#.#
#### #.....#
#.#.####### ##.....
#.........# ##...÷.S
#.#####.# ##.#.....
#.K.@.#.#####.#.....# #
#######.#......÷...####
.##
###.........########.##
.......######).# #.#
####.#.#.## #..# #.#
#.........# #..## #.#
#.#.#.# ##...## #.#
#.)># ##.....## #.#
##.######.......# #.#


You could see Pikel.

Vanquished Creatures
  Grinder (D:6)
  Eustachio (D:4)
  Duvessa (D:4)
  2 ice beasts
  2 orc warriors (D:7)
  2 sky beasts (D:7)
  5 ogres
  A centaur (D:6)
  A lemure (D:4)
  A big kobold (D:7)
  2 bullfrogs (D:6)
  Dowan (D:4)
  3 scorpions (D:7)
  4 killer bees (D:7)
  2 hounds (D:6)
  3 orc priests
  A jelly (D:6)
  2 bullfrog skeletons (D:7)
  4 orc wizards
  6 worker ants
  3 gnolls (D:7)
  3 adders
  3 white imps
  An ufetubus (D:6)
  An adder skeleton (D:7)
  4 worms
  2 dart slugs (D:1)
  5 leopard geckos
  29 orcs
  9 giant cockroaches
  8 goblins
  5 hobgoblins
  16 jackals
  A quokka (D:4)
  A ball python (D:4)
  4 bats
  6 frilled lizards
  12 kobolds
  7 rats
165 creatures vanquished.

Vanquished Creatures (others)
  A white imp (D:5)
  A jackal (D:4)
  887 foxfires
889 creatures vanquished.

Grand Total: 1054 creatures vanquished

Notes
Turn   | Place    | Note
-------+----------+-------------------------------------------
     0 | D:1      | Arthanis the Deep Elf Fire Elementalist began the quest for
                  | the Orb.
     0 | D:1      | Reached XP level 1. HP: 10/10 MP: 6/6
   313 | D:1      | Reached XP level 2. HP: 12/15 MP: 0/8
  1423 | D:2      | Reached skill level 4 in Fire Magic
  1509 | D:2      | Reached XP level 3. HP: 19/19 MP: 10/10
  1513 | D:2      | Learned a level 3 spell: Conjure Flame
  2503 | D:2      | Found a bloodstained altar of Trog.
  2733 | D:3      | Reached XP level 4. HP: 24/24 MP: 11/11
  2738 | D:3      | Learned a level 4 spell: Sticky Flame
  3072 | D:3      | Noticed an earth elemental
  3074 | D:3      | Found a stormy altar of Qazlal.
  3075 | D:3      | Noticed a fire elemental
  3075 | D:3      | Noticed a water elemental
  3075 | D:3      | Noticed an air elemental
  3212 | D:3      | Found a shimmering altar of Xom.
  3275 | D:3      | Reached skill level 5 in Fire Magic
  3275 | D:3      | Reached XP level 5. HP: 28/28 MP: 11/13
  3517 | D:4      | Learned a level 5 spell: Fireball
  3633 | D:4      | Noticed Eustachio
  3644 | D:4      | Killed Eustachio
  3645 | D:4      | Reached skill level 5 in Spellcasting
  3645 | D:4      | Reached skill level 6 in Fire Magic
  3645 | D:4      | Reached XP level 6. HP: 6/32 MP: 15/15
  4050 | D:4      | Noticed Duvessa
  4233 | D:4      | Noticed Dowan
  4278 | D:5      | Entered Level 5 of the Dungeon
  4441 | D:5      | Reached XP level 7. HP: 36/36 MP: 17/17
  4574 | D:5      | Found a radiant altar of Vehumet.
  4583 | D:5      | Became a worshipper of Vehumet
  4620 | D:5      | Reached skill level 7 in Fire Magic
  4976 | D:6      | Found a glowing silver altar of Zin.
  5088 | D:6      | Found a runed translucent gate.
  5089 | D:6      | Found a runed translucent gate.
  5090 | D:6      | Found a runed translucent gate.
  5111 | D:6      | Found a stormy altar of Qazlal.
  5248 | D:6      | Noticed Grinder
  5259 | D:6      | Killed Grinder
  5260 | D:6      | Reached skill level 5 in Conjurations
  5260 | D:6      | Reached skill level 8 in Fire Magic
  5260 | D:6      | Reached XP level 8. HP: 24/41 MP: 14/20
  5473 | D:6      | Noticed kuzco6543's ghost (novice MiMo)
  5900 | D:6      | Learned a level 1 spell: Shock
  6415 | D:7      | Reached skill level 9 in Fire Magic
  6437 | D:7      | Found a shadowy altar of Dithmenos.
  6596 | D:7      | Reached * piety under Vehumet
  6596 | D:7      | Offered knowledge of Freeze by Vehumet.
  6812 | D:7      | Reached XP level 9. HP: 45/45 MP: 21/23
  6934 | D:7      | Reached skill level 10 in Fire Magic
  7157 | D:7      | Found a staircase to the Ecumenical Temple.
  7623 | D:7      | Reached skill level 1 in Evocations
  7804 | D:7      | Identified 2 scrolls of acquirement
  7809 | D:7      | Acquired an uncursed staff of fire
  7810 | D:7      | Acquired the +3 buckler of Qerchazi {rPois}
  7905 | D:4      | Killed Duvessa
  7906 | D:4      | Killed Dowan
  8090 | D:4      | Noticed Pikel
  8170 | D:4      | Identified the +7 chain mail "Coejilo" {rCorr}
  8186 | D:4      | Reached skill level 1 in Fighting
  8354 | D:4      | Killed from afar by Pikel

Illustrated notes

Levels and vault maps discovered:
D:1:      mrwooster_arrival_arrow, layout_rooms, serial_co_window_serial,
          co_window_paths_b, co_window_corner_a, co_window_cross_1,
          co_window_paths_b, co_window_paths_b, co_window_paths_b,
          co_window_paths_a, co_window_corner_a, co_window_of_opportunity_a,
          co_window_2corner, co_window_corner_cb, co_window_broadway_c,
          co_window_corner_b
D:2:      layout_loops_corners, lightli_temple_of_fire
D:3:      layout_rooms, xom_teletrap_fun, nicolae_qazlal_style_of_elements
D:4:      layout_loops_ring, uniq_duvessa, uniq_eustachio, uniq_pikel
D:5:      layout_basic, fiery_altar_vehumet
D:6:      layout_loops_ring, zin_academy, kennysheep_mini, gammafunk_ghost_icy,
          kennysheep_generic_room_15, uniq_grinder
D:7:      cheibrodos_quashed, layout_gridville, overflow_temple_1_default,
          temple_green

Skill      XL: |  1  2  3  4  5  6  7  8  9 |
---------------+----------------------------+-----
Fire Magic     | 4 5 6 8 9 10 | 10.3
Conjurations   | 2 3 4 5 6 |  6.9
Spellcasting   | 4 5 6 8 |  8.7
Evocations     | 1 |  1.3
Dodging        | 3 |  3.1
Stealth        | 3 |  3.0
Fighting       | 1 |  1.0

Action                   |  1- 3 |  4- 6 |  7- 9 || total
-------------------------+-------+-------+-------++-------
Melee: Unarmed           |     1 |       |       ||     1
       Dagger            |     1 |       |       ||     1
       Rapier            |       |     1 |       ||     1
 Cast: Foxfire           |   139 |   117 |   279 ||   535
       Sticky Flame      |       |     1 |    11 ||    12
       Conjure Flame     |       |       |     3 ||     3
       Fireball          |       |       |     1 ||     1
  Use: Potion            |       |     1 |       ||     1
       Scroll            |       |       |    11 ||    11
 Stab: Sleeping          |       |     1 |       ||     1
Armor: Robe              |     5 |     2 |     5 ||    12
Dodge: Dodged            |    27 |     5 |    32 ||    64
